 Dungeon Crawl Stone Soup version 0.20.1-1-g8b1a95d (webtiles) character file.

103195 StormFighter the Unseen (level 15, -10/81 HPs)
             Began as a Spriggan Enchanter on July 6, 2017.
             Was the Champion of Dithmenos.
             Shot with an arrow by a naga sharpshooter (15 damage)
             ... on level 3 of the Snake Pit on July 8, 2017.
             The game lasted 02:04:18 (28659 turns).

StormFighter the Unseen (Spriggan Enchanter)       Turns: 28659, Time: 02:04:19

Health: -10/81     AC:  3    Str:  5    XL:     15   Next: 88%
Magic:  0/29       EV: 36    Int: 24    God:    Dithmenos [******]
Gold:   1398       SH:  0    Dex: 19    Spells: 11/33 levels left

rFire    . . .     SeeInvis +   c - +3 dagger (venom)
rCold    + . .     Gourm    .   (shield restricted)
rNeg     . . .     Faith    .   b - +1 robe of the Lair of Beasts {*Slow rC+ Int+4}
rPois    +         Spirit   +   (helmet restricted)
rElec    .         Reflect  .   o - scarf {Spirit}
rCorr    .         Harm     .   (gloves unavailable)
MR       ++...                  (boots unavailable)
Stlth    ++++++++++             q - amulet of magic regeneration
Regen    0.3/turn               e - +5 ring of slaying
MPRegen  0.4/turn               k - ring of stealth

@: lethally poisoned (-10 -> -11), wreathed by umbra, studying Poison Magic,
very quick
A: unfitting armour, see invisible, herbivore 3, speed 3, mutation resistance 1,
poison resistance, slow metabolism 2, no potion heal 1
a: Shadow Step, Shadow Form, Renounce Religion


You were on level 3 of the Snake Pit.
You worshipped Dithmenos.
Dithmenos was exalted by your worship.
You were not hungry.

You visited 5 branches of the dungeon, and saw 26 of its levels.
You also visited: Ossuary and Ice Cave.

You collected 2493 gold pieces.
You spent 1095 gold pieces at shops.

Inventory:

Hand Weapons
 a - a +2 dagger of piercing
 c - a +3 dagger of venom (weapon)
 Y - the +8 whip "Snakebite" {curare, rPois}
   (You found it on level 1 of the Lair of Beasts)

   It poisons the flesh of those it strikes.
   It protects you from poison.
Missiles
 l - a throwing net (quivered)
Armour
 b - the +1 robe of the Lair of Beasts (worn) {*Slow rC+ Int+4}
   (You bought it in a shop on level 11 of the Dungeon)

   It affects your intelligence (+4).
   It protects you from cold.
   It may slow you when you take damage.
 o - a scarf of spirit shield (worn)
 O - a +2 robe of fire resistance
Jewellery
 e - a +5 ring of slaying (left hand)
 k - a ring of stealth (right hand)
 q - an amulet of magic regeneration (around neck)
 u - an uncursed ring of protection from magic
 L - an uncursed ring of magical power
 S - an uncursed amulet of faith {unknown}
Wands
 f - a wand of lightning (3/15)
 w - a wand of acid (6/15)
 P - a wand of digging (7/24)
Scrolls
 h - 3 scrolls of blinking
 i - 6 scrolls of magic mapping
 j - 4 scrolls of recharging
 t - 7 scrolls of teleportation
 v - 8 scrolls of enchant weapon
 D - 7 scrolls of remove curse
 G - 4 scrolls of enchant armour
 H - 7 scrolls of fear
 I - 4 scrolls of amnesia
 M - a scroll of fog
 R - 8 scrolls of identify
 T - a scroll of vulnerability
Potions
 g - 4 potions of mutation
 m - 5 potions of brilliance
 n - 6 potions of lignification
 p - 10 potions of curing
 r - 3 potions of heal wounds
 s - a potion of haste
 x - a potion of magic {unknown}
 z - a potion of flight
 A - 6 potions of agility
 B - 3 potions of berserk rage
 E - 3 potions of cancellation
 F - 2 potions of invisibility
 K - 2 potions of might
Books
 y - a book of Ice

   Spells                             Type                      Level
   a - Ice Form                       Ice/Transmutation            4
   b - Metabolic Englaciation         Hexes/Ice                    5
   c - Ozocubu's Refrigeration        Ice                          6
   d - Bolt of Cold                   Conjuration/Ice              6
   e - Freezing Cloud                 Conjuration/Ice/Air          6
   f - Simulacrum                     Ice/Necromancy               6
 C - a book of Conjurations

   Spells                             Type                      Level
   a - Magic Dart                     Conjuration                  1
   b - Searing Ray                    Conjuration                  2
   c - Dazzling Spray                 Conjuration/Hexes            3
   d - Fulminant Prism                Conjuration/Hexes            4
   e - Force Lance                    Conjuration/Translocation    4
   f - Iskenderun's Mystic Blast      Conjuration                  4
 Q - a manual of Poison Magic
Miscellaneous
 J - a phantom mirror
Comestibles
 d - 9 bread rations
 N - 7 royal jellies
 X - 15 fruits


   Skills:
 - Level 10.8 Fighting
 - Level 6.0 Short Blades
 + Level 19.6 Dodging
 + Level 20.4 Stealth
 - Level 9.5 Spellcasting
 * Level 13.0 Hexes
 - Level 5.3 Translocations
 - Level 3.1 Ice Magic
 - Level 3.6 Poison Magic
 + Level 3.7 Invocations


You had 11 spell levels left.
You knew the following spells:

 Your Spells              Type           Power        Failure   Level  Hunger
a - Corona                Hex            ######.      1%          1    None
b - Ensorcelled Hibernat  Hex/Ice        ######       1%          2    None
c - Confuse               Hex            ######..     1%          3    None
d - Tukima's Dance        Hex            ######..     1%          3    None
e - Blink                 Tloc           N/A          1%          2    None
f - Mephitic Cloud        Conj/Pois/Air  ###.....     10%         3    None
g - Cause Fear            Hex            ######....   1%          4    ##.....
h - Force Lance           Conj/Tloc      ###.....     19%         4    ##.....


Dungeon Overview and Level Annotations

Branches:
Dungeon (14/15)            Temple (1/1) D:4            Lair (6/6) D:11
 Shoals (0/4) Lair:4        Snake (3/4) Lair:4        Slime (0/5) Lair:6
    Orc (2/2) D:10            Elf (0/3) Orc:2        Vaults (0/5) D:14

Altars:
Ashenzari
Cheibriados
Dithmenos
Elyvilon
Fedhas
Gozag
Hepliaklqana
Kikubaaqudgha
Makhleb
Nemelex Xobeh
Okawaru
Qazlal
Ru
Sif Muna
Trog
Uskayaw
Vehumet
Xom
Yredelemnul
Zin
The Shining One
Beogh
Jiyva

Shops:
D:4 *   D:11 [?:(   Orc:2 [([(   Snake:2 !

Annotations:
Lair:5 exclusion: ice statue
Lair:6 exclusion: 2 oklob plants


Innate Abilities, Weirdness & Mutations

You are very small and have problems with some larger weapons.
You are too small for most types of armour.
You have supernaturally acute eyesight. (SInv)
You are a herbivore.
You cover ground extremely quickly.
You need consume almost no food.
You are somewhat resistant to further mutation.
Your system is resistant to poisons. (rPois)
Potions are less effective at restoring your health.


Message History

The black mamba looks drowsy...
Your shadow mimicks your spell!
The black mamba is unaffected.
You feel sick.
The naga mage hits the naga warrior with a flail!
The helpless black mamba fails to defend itself.
You stick the black mamba like a pincushion!!!!
You kill the black mamba!
Dithmenos accepts your kill. The naga warrior spits poison at you.
The splash of poison misses you.
A naga sharpshooter comes into view. It is wielding a mace.
Your surroundings suddenly seem different.
The naga sharpshooter unwields an uncursed scimitar.
The naga sharpshooter wields an uncursed arbalest.
The naga sharpshooter shoots a bolt.
The bolt hits you!
* * * LOW HITPOINT WARNING * * *
The naga sharpshooter unwields an uncursed flail.
The naga sharpshooter wields an uncursed shortbow.
The naga sharpshooter shoots an arrow.
The arrow hits you!
You die...

##..
##....##
#.. .N##
##....##
##. ....#
##....##
## #N...#
##....##
#....#
##....##
#....##
##....##
#..N.##
##.#..####
#...N##
##.......
#.@..#
##......
##....#
##.##..
##...#
####..
#.... #..
#.N..# #..
#..#. #..
#...
######..
#..
........
........


You could see 4 naga sharpshooters and a salamander (wandering).

Vanquished Creatures
  Saint Roka (Orc:2)
  Asterion (Snake:1)
  7 nagarajas
  Nessos (D:12)
  Josephine (Lair:6)
  A catoblepas (Lair:2)
  7 hydras
  3 naga warriors (Snake:2)
  A death knight (D:11)
  The ghost of mutilus the Ducker, a journeyman OpWz of Vehumet (Lair:1)
  An anaconda (Snake:2)
  3 two-headed ogres
  A tengu warrior (D:13)
  A death yak (Lair:5)
  6 naga sharpshooters
  3 orc high priests (Orc:2)
  A shock serpent (Snake:2)
  Sonja (D:10)
  4 salamander mystics
  3 unseen horrors (D:12)
  4 naga ritualists (Snake:1)
  An orc knight (Orc:2)
  A deep elf mage (D:12)
  2 mana vipers
  A shining eye (shapeshifter) (D:14)
  A wolf spider (shapeshifter) (D:14)
  2 orc sorcerers
  5 elephants
  2 ugly things (D:12)
  2 cyclopes
  A centaur zombie (D:13)
  9 salamanders
  2 manticores (D:12)
  14 black mambas
  Joseph (D:9)
  4 guardian serpents
  A merfolk siren (Lair:4)
  10 naga magi
  A torpor snail (Lair:6)
  18 spiny frogs
  A kobold demonologist (D:12)
  An ice devil (Lair:5)
  5 komodo dragons
  2 meliai (D:13)
  3 trolls
  3 polar bears
  5 tyrant leeches (Lair:6)
  12 blink frogs (Lair:6)
  2 slime creatures (D:13)
  2 hornets
  9 hippogriffs
  2 dream sheep (Lair:6)
  4 shadows
  5 wraiths
  The ghost of Ang168 the Chopper, an amateur MiBe of Trog (D:4)
  2 basilisks
  3 wyverns (D:13)
  23 yaks
  Eustachio (D:5)
  A hungry ghost (D:8)
  6 vampire mosquitoes (Lair:6)
  A soldier ant (shapeshifter) (D:14)
  3 soldier ants
  5 wargs
  19 nagas
  18 water moccasins
  11 porcupines
  Duvessa (D:6)
  32 orc warriors
  6 black bears
  18 ice beasts
  An eye of draining (D:10)
  6 sky beasts
  6 centaurs
  A necrophage (D:12)
  3 phantoms
  9 ogres
  17 crocodiles
  31 bullfrogs
  5 water moccasin zombies (Ossuary)
  Dowan (D:6)
  6 scorpions
  3 wights (D:13)
  11 killer bees
  3 howler monkeys
  9 crimson imps
  A jelly (D:10)
  18 orc priests
  2 centaur skeletons
  4 hounds
  2 bullfrog skeletons
  Ijyb (D:4)
  2 iguanas (D:4)
  32 orc wizards
  13 worker ants
  A killer bee zombie (D:7)
  3 big kobold zombies (Ossuary)
  3 mummies
  A hound skeleton (D:6)
  15 adders
  7 gnolls
  4 shadow imps
  4 white imps (Lair:5)
  5 adder zombies (Ossuary)
  An adder skeleton (D:6)
  3 worms
  2 dart slugs
  5 leopard geckos
  127 orcs
  5 giant cockroaches
  A gnoll zombie (Ossuary)
  8 goblins
  8 hobgoblins
  17 jackals
  3 quokkas
  A ball python (D:2)
  4 bats
  6 frilled lizards
  A goblin zombie (D:4)
  3 hobgoblin zombies (Ossuary)
  5 kobolds
  7 kobold zombies (Ossuary)
  2 orc zombies
  2 quokka skeletons
  17 rats
  A butterfly (Lair:1)
  A plant (Lair:6)
797 creatures vanquished.

Vanquished Creatures (collateral kills)
  A wight (D:12)
  An orc (Orc:2)
2 creatures vanquished.

Vanquished Creatures (others)
  2 dancing weapons
  An adder zombie (Ossuary)
  15 fungi
  47 plants
65 creatures vanquished.

Grand Total: 864 creatures vanquished

Notes
Turn   | Place    | Note
-------+----------+-------------------------------------------
     0 | D:1      | StormFighter the Spriggan Enchanter began the quest for the Orb.
     0 | D:1      | Reached XP level 1. HP: 9/9 MP: 5/5
   860 | D:1      | Reached XP level 2. HP: 10/13 MP: 4/7
  1149 | D:1      | Learned a level 2 spell: Ensorcelled Hibernation
  1542 | D:1      | Noticed a sky beast
  1606 | D:2      | Found a shattered altar of Ashenzari.
  1675 | D:2      | Reached XP level 3. HP: 16/16 MP: 3/9
  1975 | D:2      | Found a deep blue altar of Sif Muna.
  2142 | D:2      | Found a glowing golden altar of the Shining One.
  2285 | D:3      | Found an iron altar of Okawaru.
  2322 | D:3      | Reached skill level 5 in Stealth
  2322 | D:3      | Reached XP level 4. HP: 14/21 MP: 10/10
  2564 | D:1      | Reached skill level 5 in Hexes
  3023 | D:1      | Killed a sky beast
  3023 | D:1      | Reached XP level 5. HP: 13/24 MP: 7/13
  3085 | D:3      | HP: 1/24 [orc wizard/magic dart (8)]
  3678 | D:2      | Learned a level 3 spell: Confuse
  3682 | D:2      | Learned a level 3 spell: Tukima's Dance
  4139 | D:3      | Reached skill level 6 in Stealth
  4139 | D:3      | Reached skill level 5 in Spellcasting
  4259 | D:3      | Reached XP level 6. HP: 27/28 MP: 11/14
  4683 | D:4      | Reached skill level 7 in Stealth
  4683 | D:4      | Reached skill level 1 in Ice Magic
  4782 | D:4      | Found a sand-covered staircase.
  4787 | Ossuary  | Entered an ossuary
  4876 | Ossuary  | Reached XP level 7. HP: 27/32 MP: 15/15
  5012 | Ossuary  | Reached skill level 8 in Stealth
  5631 | Ossuary  | Reached skill level 9 in Stealth
  5687 | D:4      | Noticed Ijyb
  5707 | D:4      | Killed Ijyb
  5910 | D:4      | Found a basalt altar of Yredelemnul.
  6067 | D:4      | Reached XP level 8. HP: 36/36 MP: 13/16
  6229 | D:4      | Found Siphom's Assorted Antiques.
  6241 | D:4      | Bought a puce potion for 20 gold pieces
  6394 | D:4      | Found a stormy altar of Qazlal.
  6397 | D:4      | Noticed Ang168's ghost (amateur MiBe)
  6414 | D:4      | Killed Ang168's ghost
  6414 | D:4      | Reached skill level 10 in Stealth
  6701 | D:4      | Found a staircase to the Ecumenical Temple.
  6710 | Temple   | Entered the Ecumenical Temple
  6853 | D:5      | Entered Level 5 of the Dungeon
  6945 | D:5      | Reached skill level 1 in Fighting
  7040 | D:5      | Noticed Eustachio
  7060 | D:5      | Killed Eustachio
  7060 | D:5      | Reached skill level 5 in Dodging
  7060 | D:5      | Reached skill level 11 in Stealth
  7375 | D:6      | Reached XP level 9. HP: 42/42 MP: 17/17
  7486 | D:6      | Got a twisted hunting sling
  7487 | D:6      | Lost strength.
  7487 | D:6      | Identified the +6 hunting sling "Ablolahu" {venom, +Inv rPois Str-4 Stlth+} (You found it on level 6 of the Dungeon)
  7620 | D:6      | Found a snail-covered altar of Cheibriados.
  7623 | D:6      | Found a shadowy altar of Dithmenos.
  7627 | D:6      | Became a worshipper of Dithmenos the Shadowed
  7631 | D:6      | Found an ancient bone altar of Kikubaaqudgha.
  7765 | D:6      | Noticed Duvessa
  7768 | D:6      | Noticed Dowan
  7769 | D:6      | Killed Duvessa
  7771 | D:6      | Killed Dowan
  7993 | D:7      | Reached skill level 12 in Stealth
  8126 | D:7      | Reached * piety under Dithmenos
  8287 | D:7      | Found a sacrificial altar of Ru.
  8581 | D:8      | Noticed a two-headed ogre
  8590 | D:8      | Killed a two-headed ogre
  8590 | D:8      | Reached skill level 10 in Dodging
  8590 | D:8      | Reached XP level 10. HP: 49/49 MP: 18/18
  8621 | D:8      | Reached skill level 13 in Stealth
  8675 | D:8      | Found a glowing silver altar of Zin.
  8675 | D:8      | Found a hide-covered altar of Uskayaw.
  8725 | D:8      | Reached ** piety under Dithmenos
  9105 | D:8      | Found a basalt altar of Yredelemnul.
  9181 | D:8      | Learned a level 2 spell: Blink
  9185 | D:8      | Learned a level 3 spell: Mephitic Cloud
  9202 | D:8      | Reached skill level 1 in Translocations
  9715 | D:9      | Reached skill level 5 in Fighting
  9777 | D:9      | Noticed Joseph
  9797 | D:9      | Killed Joseph
 10004 | D:9      | Found an opulent altar of Gozag.
 10115 | D:9      | Reached *** piety under Dithmenos
 10341 | D:10     | Entered Level 10 of the Dungeon
 10441 | D:10     | Reached skill level 14 in Stealth
 10634 | D:10     | Reached **** piety under Dithmenos
 10660 | D:10     | Found a staircase to the Orcish Mines.
 10731 | D:10     | Noticed Sonja
 10736 | D:10     | Killed Sonja
 10736 | D:10     | Reached XP level 11. HP: 56/56 MP: 16/19
 10757 | D:10     | Noticed a two-headed ogre
 11092 | D:10     | Killed a two-headed ogre
 11092 | D:10     | Reached skill level 5 in Translocations
 11379 | D:11     | Found Aniczis's Magic Scroll Shoppe.
 11387 | D:11     | Bought a scroll of teleportation for 42 gold pieces
 11387 | D:11     | Bought a scroll of identify for 28 gold pieces
 11387 | D:11     | Bought a scroll of identify for 28 gold pieces
 11387 | D:11     | Bought a scroll of enchant weapon for 105 gold pieces
 11387 | D:11     | Bought a scroll of fear for 49 gold pieces
 11387 | D:11     | Bought a scroll of recharging for 133 gold pieces
 11387 | D:11     | Bought a scroll of blinking for 105 gold pieces
 11387 | D:11     | Bought a scroll of fear for 49 gold pieces
 11387 | D:11     | Bought a scroll of fog for 28 gold pieces
 11502 | D:11     | Found a staircase to the Lair.
 11846 | D:11     | Noticed a death knight
 11854 | D:11     | Killed a death knight
 11986 | D:11     | Found Sedghuq's Book Boutique.
 12087 | D:11     | Found Doatuyfi's Weapon Boutique.
 12221 | D:11     | Found Wonidyeh's Antique Armour Shoppe.
 12274 | D:11     | Found Nacexip's Distillery.
 12380 | D:11     | Reached skill level 15 in Stealth
 12642 | D:12     | Noticed Nessos
 12738 | D:12     | Noticed a two-headed ogre
 12745 | D:12     | Killed a two-headed ogre
 12754 | D:12     | Reached skill level 15 in Dodging
 12797 | D:12     | Found a shadowy altar of Dithmenos.
 12818 | D:12     | Got an ancient robe
 12829 | D:12     | Identified the cursed +1 robe of the Old World {rC+} (You found it on level 12 of the Dungeon)
 12987 | D:12     | Reached ***** piety under Dithmenos
 13000 | D:12     | Noticed a deep elf mage
 13032 | D:12     | Noticed a purple ugly thing
 13033 | D:12     | Noticed an unseen horror
 13034 | D:12     | Noticed an unseen horror
 13048 | D:12     | Noticed a white ugly thing
 13048 | D:12     | HP: 1/58 [unseen horror (9)]
 13063 | D:12     | Killed a purple ugly thing
 13064 | D:12     | Killed an unseen horror
 13064 | D:12     | Reached XP level 12. HP: 34/62 MP: 17/20
 13159 | D:12     | Found a frozen archway.
 13255 | IceCv    | Entered an ice cave
 13255 | IceCv    | Noticed rezek's ghost (novice FeTm)
 13541 | D:12     | Killed Nessos
 13541 | D:12     | Reached skill level 16 in Stealth
 14336 | D:13     | Reached skill level 1 in Poison Magic
 14389 | D:13     | Noticed a tengu warrior
 14857 | D:13     | Killed a tengu warrior
 15082 | D:13     | Noticed a seven-headed hydra
 15090 | D:13     | Killed a seven-headed hydra
 15090 | D:13     | Reached skill level 17 in Stealth
 15272 | D:14     | Found a gate to the Vaults.
 15491 | D:14     | Gained mutation: You are dopey. (Int -2) [a shining eye]
 15496 | D:14     | Lost mutation: You are dopey. (Int -2) [potion of mutation]
 15496 | D:14     | Gained mutation: Your system is resistant to poisons. (rPois) [potion of mutation]
 15496 | D:14     | Gained mutation: Potions are less effective at restoring your health. [potion of mutation]
 15496 | D:14     | Gained mutation: You are somewhat resistant to further mutation. [potion of mutation]
 15692 | Lair:1   | Entered Level 1 of the Lair of Beasts
 15698 | Lair:1   | Reached XP level 13. HP: 66/68 MP: 19/21
 16195 | Lair:1   | Noticed mutilus's ghost (journeyman OpWz)
 16256 | Lair:1   | Killed mutilus's ghost
 16935 | Lair:2   | Reached ****** piety under Dithmenos
 18023 | Lair:4   | Found a staircase to the Snake Pit.
 18426 | Lair:4   | Found a staircase to the Shoals.
 18638 | Lair:5   | Reached skill level 18 in Stealth
 19019 | Lair:5   | Reached skill level 5 in Short Blades
 19478 | Lair:6   | Entered Level 6 of the Lair of Beasts
 19688 | Lair:6   | Learned a level 4 spell: Cause Fear
 19807 | Lair:5   | Reached XP level 14. HP: 75/75 MP: 8/27
 20100 | Lair:6   | Found a staircase to the Slime Pits.
 20102 | Lair:6   | Found a viscous altar of Jiyva.
 20111 | Lair:6   | Noticed Josephine
 21218 | Lair:6   | Reached skill level 10 in Fighting
 21872 | Lair:6   | Killed Josephine
 22560 | D:11     | Bought a distressingly furry robe for 188 gold pieces
 22570 | D:11     | Identified the +1 robe of the Lair of Beasts {*Slow rC+ Int+4} (You bought it in a shop on level 11 of the Dungeon)
 22630 | Orc:1    | Entered Level 1 of the Orcish Mines
 23120 | Orc:2    | Entered Level 2 of the Orcish Mines
 23178 | Orc:2    | Found a staircase to the Elven Halls.
 23469 | Orc:2    | Found a roughly hewn altar of Beogh.
 23519 | Orc:2    | Found a bloodstained altar of Trog.
 23735 | Orc:2    | Found a radiant altar of Vehumet.
 23863 | Orc:2    | Found a roughly hewn altar of Beogh.
 23911 | Orc:2    | Found a roughly hewn altar of Beogh.
 23940 | Orc:2    | Found Gockag's Antique Armour Emporium.
 23999 | Orc:2    | Found a roughly hewn altar of Beogh.
 24000 | Orc:2    | Found Rajyxen's Antique Weapon Emporium.
 24078 | Orc:2    | Found a roughly hewn altar of Beogh.
 24141 | Orc:2    | Noticed Saint Roka
 24239 | Orc:2    | Killed Saint Roka
 24239 | Orc:2    | Reached skill level 19 in Stealth
 24680 | Orc:2    | Reached skill level 10 in Hexes
 24690 | Orc:2    | Found Lyptov's Antique Armour Boutique.
 24691 | Orc:2    | Found a roughly hewn altar of Beogh.
 24694 | Orc:2    | Found Ajoh's Antique Weapon Shop.
 25070 | Orc:2    | Bought an embroidered scarf for 320 gold pieces
 25326 | Snake:1  | Entered Level 1 of the Snake Pit
 25463 | Snake:1  | Found a transporter.
 25465 | Snake:1  | Found a radiant altar of Vehumet.
 25721 | Snake:1  | Noticed Asterion
 25727 | Snake:1  | Killed Asterion
 25862 | Snake:1  | Reached XP level 15. HP: 81/81 MP: 23/29
 25895 | Snake:1  | Noticed a nagaraja
 25897 | Snake:1  | Killed a nagaraja
 25898 | Snake:1  | Found a transporter.
 25904 | Snake:1  | Noticed a nagaraja
 25908 | Snake:1  | Killed a nagaraja
 25927 | Snake:1  | Noticed a nagaraja
 25930 | Snake:1  | Killed a nagaraja
 25962 | Snake:1  | Noticed a nagaraja
 25968 | Snake:1  | Killed a nagaraja
 25986 | Snake:1  | Learned a level 4 spell: Force Lance
 26020 | Snake:1  | Noticed a nagaraja
 26024 | Snake:1  | Killed a nagaraja
 26116 | Snake:1  | Reached skill level 1 in Invocations
 26927 | Snake:2  | You fall through a shaft!
 27614 | Snake:2  | Reached skill level 20 in Stealth
 28289 | Snake:2  | Found Xethaj's Distillery.
 28390 | Snake:3  | Noticed a nagaraja
 28394 | Snake:3  | Killed a nagaraja
 28597 | Snake:3  | Noticed a nagaraja
 28607 | Snake:3  | Killed a nagaraja
 28659 | Snake:3  | Shot with an arrow by a naga sharpshooter

Skill      XL: |  1  2  3  4  5  6  7  8  9 10 11 12 13 14 15 |
---------------+----------------------------------------------+-----
Spellcasting   | 3 4 5 8 9 |  9.5
Hexes          | 4 5 6 7 8 10 13 | 13.0
Stealth        | 5 6 7 9 11 12 14 15 17 18 19 20 | 20.4
Ice Magic      | 1 2 3 |  3.1
Fighting       | 2 4 5 6 8 9 10 | 10.8
Dodging        | 6 10 12 15 17 18 19 | 19.6
Translocations | 4 5 |  5.3
Poison Magic   | 3 |  3.6
Short Blades   | 6 |  6.0
Invocations    | 3 |  3.7

Action                   |  1- 3 |  4- 6 |  7- 9 | 10-12 | 13-15 || total
-------------------------+-------+-------+-------+-------+-------++-------
Melee: Dagger            |   135 |   103 |   264 |   534 |   716 ||  1752
 Cast: Corona            |    18 |     2 |     3 |       |       ||    23
       Ensorcelled Hiber |    19 |    32 |    26 |   115 |   174 ||   366
       Confuse           |       |     6 |    26 |    98 |   160 ||   290
       Tukima's Dance    |       |       |       |     5 |     5 ||    10
       Mephitic Cloud    |       |       |       |     1 |     1 ||     2
       Blink             |       |       |       |     1 |       ||     1
Invok: Shadow Step       |       |       |       |       |     5 ||     5
Evoke: Wand              |       |       |       |     4 |       ||     4
  Use: Scroll            |       |       |     7 |    13 |    11 ||    31
       Potion            |       |       |     1 |     3 |       ||     4
 Stab: Sleeping          |    21 |    24 |    58 |   102 |   240 ||   445
       Confused          |       |     3 |    19 |    41 |    72 ||   135
       Distracted        |       |     1 |       |     2 |     4 ||     7
  Eat: Royal jelly       |       |     1 |     2 |     2 |     5 ||    10
       Fruit             |       |       |     2 |    12 |       ||    14
Armor: Robe              |    13 |     4 |    14 |    32 |    16 ||    79
       Skin              |       |       |     2 |       |       ||     2
Dodge: Dodged            |   116 |    54 |   155 |   504 |   547 ||  1376
